Map: Catallena LE (Void)

Players

Pain

  • Race: Zerg Zerg
  • Spawn Location: 5:00

A.I. 1 (Medium) - Winner!

  • Race: Protoss Protoss
  • Spawn Location: 12:00

VOD

Have the link to the VOD?

Description

Time

  • Played on: Sept. 3, 2017, 11:01 p.m.
  • Length: 11:01
Show
View Real Time Build Order
Export as new Build Order

Pain Zerg 

Build Orders: Pool Only 

Get SALT Encoding   

  13  0:21  Drone  
  13  0:22  Overlord  
  13  0:23  Drone  
  14  0:29  Extractor  
  13  0:46  Spawning Pool  
  12  0:58  Drone, Overlord  
  13  1:15  Overlord  
  13  1:16  Drone  
  14  1:44  Metabolic Boost  
  14  1:48  Zergling x4  
  14  1:49  Zergling x2  
  17  2:05  Queen  
  19  2:22  Drone x2  
  21  2:23  Drone  
  22  3:02  Lair  
  22  3:06  Zergling x4  
  22  3:08  Drone  
  22  4:19  Zergling x6  
  25  4:33  Spine Crawler  
  25  4:37  Spine Crawler  
  23  4:41  Spine Crawler  
  23  6:28  Spine Crawler  
  23  6:32  Zergling x6  
  25  6:47  Evolution Chamber  
  24  7:15  Zergling x6  
  21  7:58  Baneling Nest  
  21  8:04  Overlord  
  20  8:06  Overlord  
  20  8:09  Zergling x2  
  21  8:42  Drone x2  
  23  9:04  Baneling  
  23  9:06  Baneling x4  
  23  9:07  Baneling x3  
  23  9:12  Drone  
  23  9:14  Zergling x4  
  26  9:28  Pneumatized Carapace  
  26  9:31  Zergling x2  
  27  9:55  Drone x2  
  27  9:59  Extractor  
  28  10:15  Zergling x4  
  28  10:18  Baneling  
  30  10:26  Zergling x2  
Show
View Real Time Build Order
Export as new Build Order

A.I. 1 (Medium) Protoss - Winner!

Build Orders: 1 Gate Expand 

Get SALT Encoding   

  12  0:01  Probe (Chrono Boost)  
  13  0:11  Probe (Chrono Boost)  
  14  0:20  Pylon  
  14  0:22  Probe (Chrono Boost)  
  15  0:38  Probe (Chrono Boost)  
  15  0:40  Gateway  
  16  0:48  Probe (Chrono Boost)  
  17  1:09  Nexus  
  17  1:13  Probe (Chrono Boost)  
  18  1:26  Zealot  
  18  1:29  Pylon  
  18  1:30  Assimilator  
  20  1:42  Cybernetics Core  
  20  1:44  Probe (Chrono Boost)  
  21  1:55  Probe (Chrono Boost)  
  22  2:06  Probe (Chrono Boost)  
  23  2:08  Gateway  
  23  2:18  Pylon, Stalker  
  23  2:21  Probe (Chrono Boost)  
  26  2:25  Warp Gate  
  26  2:27  Assimilator  
  26  2:32  Probe (Chrono Boost)  
  28  2:44  Probe (Chrono Boost)  
  28  2:46  Zealot  
  30  2:58  Assimilator  
  30  3:06  Stalker  
  32  3:17  Assimilator  
  32  3:21  Probe (Chrono Boost)  
  33  3:30  Adept, Probe (Chrono Boost)  
  33  3:33  Probe (Chrono Boost)  
  38  3:41  Probe (Chrono Boost)  
  38  3:45  Probe (Chrono Boost)  
  39  3:53  Probe (Chrono Boost)  
  39  3:54  Stalker  
  41  3:57  Probe (Chrono Boost), Robotics Facility  
  43  4:12  Probe (Chrono Boost)  
  44  4:21  Pylon, Probe (Chrono Boost)  
  46  4:25  Probe (Chrono Boost)  
  47  4:32  Probe (Chrono Boost)  
  47  4:36  Stalker, Probe (Chrono Boost)  
  50  4:43  Probe (Chrono Boost)  
  51  4:48  Pylon  
  51  4:49  Probe (Chrono Boost)  
  52  4:54  Probe (Chrono Boost)  
  52  4:59  Sentry  
  56  5:00  Probe (Chrono Boost)  
  57  5:07  Probe (Chrono Boost)  
  57  5:08  Pylon  
  57  5:11  Probe (Chrono Boost)  
  58  5:18  Probe (Chrono Boost)  
  58  5:19  Immortal  
  59  5:22  Probe (Chrono Boost)  
  64  5:29  Probe (Chrono Boost)  
  64  5:31  Pylon  
  64  5:32  Probe (Chrono Boost)  
  66  5:41  Probe (Chrono Boost)  
  67  5:43  Probe (Chrono Boost)  
  67  5:46  Adept  
  70  5:51  Pylon  
  70  5:54  Probe (Chrono Boost)  
  70  5:56  Forge  
  72  5:57  Observer, Probe (Chrono Boost)  
  73  6:05  Probe (Chrono Boost)  
  73  6:08  Probe (Chrono Boost)  
  75  6:13  Pylon  
  75  6:14  Immortal  
  75  6:16  Probe (Chrono Boost)  
  80  6:19  Pylon, Probe (Chrono Boost)  
  80  6:22  Pylon  
  81  6:27  Stargate  
  81  6:32  Twilight Council  
  81  6:34  Photon Cannon  
  81  6:36  Photon Cannon  
  81  6:39  Gateway  
  81  6:41  Forge  
  81  6:45  Photon Cannon  
  81  6:50  Photon Cannon  
  81  6:51  Observer  
  82  7:07  Immortal  
  86  8:58  Nexus  
  86  9:42  Warp Prism  
  86  9:44  Void Ray  
  86  9:49  Gateway  
  92  9:53  Templar Archives  
  92  9:55  Robotics Facility  
  92  9:57  Stargate  
  92  10:00  Robotics Bay  
  92  10:01  Dark Shrine  
  92  10:05  Fleet Beacon  
  92  10:14  Warp Prism  
  94  10:21  Assimilator  
  94  10:26  Pylon  
  94  10:27  Pylon, Assimilator  
  94  10:31  High Templar  
  86  10:43  Zealot  
  86  10:48  Photon Cannon  
  89  10:51  Photon Cannon  
  89  10:55  Zealot  
Tags
 
Add a new tag
Caveats
  • Supply blocks, unpowered buildings, or Contaminate may cause inaccurate times.
  • Supply counts are checked every 10 seconds.